 Dungeon Crawl Stone Soup version 0.28.0-43-g3370ac3207 (webtiles) character file.

Game seed: 1377468008691676160

726 MisterFreud the Cutter (level 7, -3/56 (60) HPs)
             Began as a Gnoll Cinder Acolyte on Mar 9, 2022.
             Was a High Priest of Ignis.
             Slain by an orc priest
             ... wielding a +2 dagger of venom
              (4 damage)
             ... on level 4 of the Dungeon.
             The game lasted 00:05:47 (4575 turns).

MisterFreud the Cutter (Gnoll Cinder Acolyte)       Turns: 4575, Time: 00:05:48

HP:   -3/56 (60)    AC:  3    Str: 13    XL:     7   Next: 72%
MP:   11/12         EV: 12    Int: 15    God:    Ignis [*****.]
Gold: 95            SH:  0    Dex:  8    Spells: 9/13 levels left

rFire   + . .      SeeInvis .   a - -1 short sword (flame)
rCold   . . .      Faith    .   c - orb {guile}
rNeg    . . .      Spirit   .   b - +0 robe
rPois   .          Reflect  .   (no helmet)
rElec   .          Harm     .   n - +0 cloak
rCorr   .          Rampage  .   (no gloves)
Will    .....                   (no boots)
Stlth   ++........              (no amulet)
HPRegen 0.18/turn               (no ring)
MPRegen 0.13/turn               (no ring)

@: drained
A: fangs 1, strong nose, distributed training
a: Renounce Religion, Fiery Armour, Foxfire Swarm, Rising Flame


You were on level 4 of the Dungeon.
You worshipped Ignis.
Ignis was extremely pleased with you.
You visited 1 branch of the dungeon, and saw 5 of its levels.

You collected 125 gold pieces.
You spent 30 gold pieces at shops.

Inventory:

Hand Weapons
 a - a -1 short sword of flaming (weapon)
 m - a +2 quarterstaff of chaos
Missiles
 k - 6 poisoned darts (quivered)
Armour
 b - a +0 robe (worn)
 c - an orb of guile (worn)
 n - a +0 cloak (worn)
Jewellery
 i - a ring of willpower
 o - a ring of ice
Wands
 j - a wand of polymorph (14)
Scrolls
 d - 3 scrolls of identify {unknown}
 e - a scroll of fear {unknown}
 h - 2 scrolls of magic mapping {unknown}
 l - a scroll of teleportation {unknown}
 p - a scroll of blinking {unknown}
Potions
 f - a potion of haste {unknown}
 g - 2 potions of lignification
 q - a potion of curing
 r - a potion of brilliance {unknown}


   Skills:
 + Level 7.1 Fighting
 + Level 7.1 Short Blades
 + Level 2.6 Long Blades
 + Level 2.6 Axes
 + Level 2.6 Maces & Flails
 + Level 2.6 Polearms
 + Level 2.6 Staves
 + Level 2.6 Slings
 + Level 2.6 Bows
 + Level 2.6 Crossbows
 + Level 2.6 Throwing
 + Level 2.6 Armour
 + Level 2.6 Dodging
 + Level 2.6 Stealth
 + Level 2.6 Shields
 + Level 2.6 Unarmed Combat
 + Level 3.9 Spellcasting
 + Level 2.1 Conjurations
 + Level 2.1 Hexes
 + Level 2.1 Summonings
 + Level 2.1 Necromancy
 + Level 2.1 Translocations
 + Level 2.1 Transmutations
 + Level 5.9 Fire Magic
 + Level 2.1 Ice Magic
 + Level 2.1 Air Magic
 + Level 2.1 Earth Magic
 + Level 2.1 Poison Magic
 + Level 3.0 Invocations
 + Level 2.6 Evocations


You had 9 spell levels left.
You knew the following spells:

 Your Spells              Type           Power      Damage    Failure   Level
a - Scorch                Fire           40%        2d7       2%          2
b - Ensorcelled Hibernat  Hex/Ice        18%        N/A       11%         2

Your spell library contained the following spells:

 Spells                   Type           Power      Damage    Failure   Level
 Passwall                 Tmut/Erth      7%         N/A       11%         2
 Swiftness                Air            9%         N/A       22%         3
 Cause Fear               Hex            4%         N/A       58%         4
 Dragon Form              Tmut           4%         N/A       100%        7
 Dragon's Call            Summ           4%         N/A       100%        9


Dungeon Overview and Level Annotations

Branches:
Dungeon (5/15)
 Temple: D:4-7

Altars:
Elyvilon
Ru
Sif Muna

Shops:
D:2 !

Annotations:
D:4 Eustachio, Ijyb


Innate Abilities, Weirdness & Mutations

You have very sharp teeth.
Your uncanny sense of smell can sniff out nearby items.
Your experience applies equally to all skills.


Message History

Something hits you but does no damage.
You feel drained.
The shadow imp grins evilly.
The orc priest misses you. The hound bites you.
You hit the orc priest but do no damage.
Your bite misses the orc priest. The orc hits you with a +0 club.
The orc priest mumbles some strange prayers to Beogh against you.
Beogh smites you!
* * * LOW HITPOINT WARNING * * *
Something hits you but does no damage.
You feel drained.
The orc priest hits you with a +2 dagger of venom.
* * * LOW HITPOINT WARNING * * *
You are poisoned.
The hound barely misses you.
Unknown command.
Okay, then.
Okay, then.
It was a potion of curing.
You feel better. The shadow imp barely misses you.
The white imp barely misses you. The hound closely misses you.
The orc priest hits you from afar with a +0 trident.
* * * LOW HITPOINT WARNING * * *
The orc hits you with a +0 club.
* * * LOW HITPOINT WARNING * * *
You hear some strange, mumbled words.
You are confused.
The orc priest looks braver for a moment.
You feel better. The hound bites you.
* * * LOW HITPOINT WARNING * * *
The shadow imp hits you but does no damage.
The white imp hits you.
* * * LOW HITPOINT WARNING * * *
The white imp freezes you.
* * * LOW HITPOINT WARNING * * *
The orc priest misses you. The orc hits you with a +0 club.
* * * LOW HITPOINT WARNING * * *
The ball python barely misses you. The ball python closely misses you.
Something hits you.
* * * LOW HITPOINT WARNING * * *
You feel drained. The hound bites you but does no damage.
The orc priest hits you with a +2 dagger of venom.
You die...

..#...........
......................##
........................
..........##.....[.....#.
...........#.............
.#......................
###......#.##....S....#
.##............Sh5....#
........## #...@oo...#
.......######...o5..g@#.
.......#..##.....So......
...............#....>....
.......#.........#...#..#
.....####.....#......# .#
#..#...#......#........ .
#..#...#................
..####......##..........


You could see Eustachio, Ijyb, a hound, 2 orc priests, an adder, a white imp
(summoned), a shadow imp (summoned), 2 orcs and 2 ball pythons.

Vanquished Creatures
  Grinder (D:4)
  Sigmund (D:3)
  An ogre (D:4)
  A hound (D:4)
  Crazy Yiuf (D:2)
  Natasha (thrice) (D:2)
  2 orc wizards (D:3)
  An adder skeleton (D:4)
  2 worms (D:4)
  4 dart slugs
  7 orcs
  9 endoplasms
  4 giant cockroaches
  8 hobgoblins
  6 jackals (D:2)
  4 quokkas
  8 ball pythons
  3 bats
  7 frilled lizards
  8 goblins
  7 kobolds
  A rat (D:3)
89 creatures vanquished.

Vanquished Creatures (others)
  2 fungi (D:2)
  5 plants (D:3)
7 creatures vanquished.

Grand Total: 96 creatures vanquished

Notes
Turn   | Place    | Note
-------+----------+-------------------------------------------
     0 | D:1      | MisterFreud the Gnoll Cinder Acolyte began the quest for
                  | the Orb.
     0 | D:1      | Reached XP level 1. HP: 23/23 MP: 4/4
   263 | D:1      | Reached XP level 2. HP: 24/29 MP: 5/5
   883 | D:1      | Learned a level 2 spell: Scorch
  1093 | D:2      | Found Kuepn's Distillery.
  1096 | D:2      | Reached XP level 3. HP: 35/35 MP: 4/7
  1150 | D:2      | Bought a potion of lignification for 30 gold pieces
  1453 | D:2      | Reached skill level 1 in Invocations
  1537 | D:2      | Noticed Natasha
  1563 | D:2      | Killed Natasha
  1564 | D:2      | Reached skill level 1 in Long Blades
  1564 | D:2      | Reached skill level 1 in Axes
  1564 | D:2      | Reached skill level 1 in Maces & Flails
  1564 | D:2      | Reached skill level 1 in Polearms
  1564 | D:2      | Reached skill level 1 in Staves
  1564 | D:2      | Reached skill level 1 in Slings
  1564 | D:2      | Reached skill level 1 in Bows
  1564 | D:2      | Reached skill level 1 in Crossbows
  1564 | D:2      | Reached skill level 1 in Throwing
  1564 | D:2      | Reached skill level 1 in Armour
  1564 | D:2      | Reached skill level 1 in Dodging
  1564 | D:2      | Reached skill level 1 in Stealth
  1564 | D:2      | Reached skill level 1 in Shields
  1564 | D:2      | Reached skill level 1 in Unarmed Combat
  1564 | D:2      | Reached skill level 1 in Evocations
  1564 | D:2      | Reached XP level 4. HP: 21/41 MP: 1/8
  1678 | D:2      | Noticed Natasha
  1682 | D:2      | Killed Natasha
  1683 | D:2      | Reached skill level 1 in Conjurations
  1683 | D:2      | Reached skill level 1 in Hexes
  1683 | D:2      | Reached skill level 1 in Summonings
  1683 | D:2      | Reached skill level 1 in Necromancy
  1683 | D:2      | Reached skill level 1 in Translocations
  1683 | D:2      | Reached skill level 1 in Transmutations
  1683 | D:2      | Reached skill level 1 in Ice Magic
  1683 | D:2      | Reached skill level 1 in Air Magic
  1683 | D:2      | Reached skill level 1 in Earth Magic
  1683 | D:2      | Reached skill level 1 in Poison Magic
  1794 | D:2      | Noticed Natasha
  1802 | D:2      | Killed Natasha
  1803 | D:2      | Reached XP level 5. HP: 47/47 MP: 2/9
  2267 | D:2      | Found a runed translucent door.
  2268 | D:2      | Noticed Crazy Yiuf
  2282 | D:2      | Killed Crazy Yiuf
  2584 | D:3      | Found a sacrificial altar of Ru.
  3142 | D:3      | Found a faded altar of an unknown god.
  3148 | D:3      | Found a white marble altar of Elyvilon.
  3383 | D:3      | Found a shimmering blue altar of Sif Muna.
  3461 | D:3      | Noticed Sigmund
  3480 | D:3      | Killed Sigmund
  3481 | D:3      | Reached XP level 6. HP: 33/53 MP: 4/11
  4083 | D:4      | Noticed Grinder
  4084 | D:4      | Reached XP level 7. HP: 60/60 MP: 5/12
  4137 | D:3      | Learned a level 2 spell: Ensorcelled Hibernation
  4149 | D:4      | Paralysed by Grinder for 3 turns
  4154 | D:4      | Killed Grinder
  4456 | D:4      | Noticed Ijyb
  4469 | D:5      | Entered Level 5 of the Dungeon
  4565 | D:4      | Noticed Eustachio
  4575 | D:4      | HP: 1/57 [something (2)]
  4575 | D:4      | Slain by an orc priest

Illustrated notes

Levels and vault maps discovered:
D:1:      dpeg_arrival_three_bigger_balls, layout_basic, minivault_19,
          minmay_tetromino_t2
D:2:      layout_basic, serial_shops, shop, uniq_natasha,
          uniq_crazy_yiuf_cottage
D:3:      layout_basic, lemuel_blue_sif_altar,
          nicolae_ru_great_annihilating_truth, nicolae_elyvilon_temple_path,
          basic_ecumenical_altar, grunt_ministairs_11, uniq_sigmund
D:4:      layout_cave_pools, trog_hazing_becter, uniq_ijyb, uniq_grinder,
          uniq_eustachio
D:5:      layout_basic, mainiacjoe_overflow_alcove_4, uniq_edmund

Skill      XL: |  1  2  3  4  5  6  7 |
---------------+----------------------+-----
Invocations    | 1 2 3 |  3.0
Long Blades    | 1 2 |  2.6
Axes           | 1 2 |  2.6
Maces & Flails | 1 2 |  2.6
Polearms       | 1 2 |  2.6
Staves         | 1 2 |  2.6
Slings         | 1 2 |  2.6
Bows           | 1 2 |  2.6
Crossbows      | 1 2 |  2.6
Throwing       | 1 2 |  2.6
Armour         | 1 2 |  2.6
Dodging        | 1 2 |  2.6
Stealth        | 1 2 |  2.6
Shields        | 1 2 |  2.6
Unarmed Combat | 1 2 |  2.6
Evocations     | 1 2 |  2.6
Spellcasting   | 3 |  3.9
Conjurations   | 1 2 |  2.1
Hexes          | 1 2 |  2.1
Summonings     | 1 2 |  2.1
Necromancy     | 1 2 |  2.1
Translocations | 1 2 |  2.1
Transmutations | 1 2 |  2.1
Ice Magic      | 1 2 |  2.1
Air Magic      | 1 2 |  2.1
Earth Magic    | 1 2 |  2.1
Poison Magic   | 1 2 |  2.1
Fighting       | 7 |  7.1
Short Blades   | 7 |  7.1
Fire Magic     | |  5.9

Action                   |  1- 3 |  4- 6 |  7- 9 || total
-------------------------+-------+-------+-------++-------
Melee: Short sword       |   101 |    56 |     2 ||   159
       Bite              |     5 |     3 |       ||     8
       Punch             |     2 |     1 |       ||     3
 Cast: Scorch            |    17 |    55 |    22 ||    94
  Use: Scroll            |     1 |       |       ||     1
       Potion            |       |       |     2 ||     2
 Stab: Invisible         |       |     1 |       ||     1
Armor: Robe              |    12 |     9 |     7 ||    28
Dodge: Dodged            |    74 |    48 |    10 ||   132
